 Dungeon Crawl Stone Soup version 0.24.1 (webtiles) character file.

Game seed: 14523640336402229453, levelgen mode: deterministic

111 nightchill the Digger (level 4, -1/26 HPs)
             Began as a Gargoyle Earth Elementalist on Mar 23, 2020.
             Slain by an orc
             ... wielding a +0 hand axe
              (5 damage)
             ... on level 2 of the Dungeon.
             The game lasted 00:05:08 (3098 turns).

nightchill the Digger (Gargoyle Earth Elementalist) Turns: 3098, Time: 00:05:09

Health: -1/26      AC:  5    Str: 12    XL:     4   Next: 92%
Magic:  1/7        EV: 12    Int: 16    God:
Gold:   153        SH:  0    Dex: 10    Spells: 4/7 levels left

rFire    . . .     SeeInvis .   r - +0 flail
rCold    . . .     Gourm    .   (no shield)
rNeg     + . .     Faith    .   c - +0 robe
rPois    ∞         Spirit   .   (no helmet)
rElec    +         Reflect  .   (no cloak)
rCorr    .         Harm     .   (no gloves)
MR       .....                  (no boots)
Stlth    ++........             (no amulet)
HPRegen  0.08/turn              (no ring)
MPRegen  0.10/turn              (no ring)

@: no status effects
A: negative energy resistance 1, electricity resistance, unbreathing,
petrification resistance, rot immunity, AC +3
a: no special abilities


You were on level 2 of the Dungeon.
You were not hungry.

You visited 1 branch of the dungeon, and saw 3 of its levels.

You collected 153 gold pieces.

Inventory:

Hand Weapons
 j - a +0 mace
 r - a +0 flail (weapon)
Missiles
 b - 84 stones (quivered)
 k - 23 sling bullets
Armour
 c - a +0 robe (worn)
 f - a +3 leather armour
Jewellery
 q - a +5 ring of intelligence {unknown}
 t - an uncursed amulet of the acrobat {unknown}
Scrolls
 e - 2 scrolls of identify {unknown}
 g - 5 scrolls of remove curse {unknown}
 h - 2 scrolls of teleportation {unknown}
 i - a scroll of immolation {unknown}
 m - a scroll of random uselessness {unknown}
 o - a scroll of enchant armour {unknown}
 s - 2 scrolls of enchant weapon {unknown}
Potions
 a - a potion of berserk rage {unknown}
 l - a potion of curing {unknown}
 n - a potion of degeneration {unknown}
 p - a potion of magic {unknown}
Comestibles
 d - 3 rations
 u - 5 chunks of flesh


   Skills:
 + Level 2.0 Fighting
 * Level 2.3 Maces & Flails
 - Level 1.5 Dodging
 - Level 2.1 Stealth
 - Level 2.0 Spellcasting
 - Level 0.7 Transmutations
 * Level 5.1 Earth Magic


You had 4 spell levels left.
You knew the following spells:

 Your Spells              Type           Power        Failure   Level  Hunger
a - Sandblast             Erth           ###...       2%          1    #......
b - Passwall              Tmut/Erth      ##......     10%         2    ###....

Your spell library contained the following spells:

 Spells                   Type           Power        Failure   Level  Hunger
 Stone Arrow              Conj/Erth      #.....       22%         3    ###....
 Petrify                  Tmut/Erth      ##......     52%         4    #####..
 Lee's Rapid Deconstruct  Erth           ###.......   56%         5    ######.


Dungeon Overview and Level Annotations

Branches:
Dungeon (3/15)

Altars:
Nemelex Xobeh


Innate Abilities, Weirdness & Mutations

You are resistant to torment.
Your stone body is resilient. (AC +3)
You are immune to poison.
You resist negative energy. (rN+)
You are resistant to electric shocks. (rElec)
You can survive without breathing.
You are immune to petrification.
You are immune to rotting.


Message History

The blast of sand hits the orc priest!
The orc priest is severely wounded.
b - 85 stones The orc priest hits you but does no damage.
The orc hits you with a +0 hand axe.
The orc priest hits you with a +0 falchion.
* * * LOW HITPOINT WARNING * * *
A mysterious force pulls you upwards. The hatch slams shut behind you.
Casting: Sandblast (safe; 2% risk of failure)
Confirm with . or Enter, or press ? or * to list all spells.
Aiming: Sandblast (safe; 2% risk of failure)
Press: ? - help, Shift-Dir - straight line, f - orc priest
Aim: an orc priest, wielding a +0 falchion (severely wounded)
The blast of sand hits the orc priest!
You kill the orc priest!
Your Fighting skill increases to level 2!
Your Earth Magic skill increases to level 5!
b - 84 stones The orc hits you with a +0 hand axe.
You die...

# #.#.#.............########
#####.#.#.....##..##.........#
#.##..................##.#####
.###..#.#..>##..#.######.# ##
#..................##.#
#.##+###.......###.##.#
#......#......####.##.#
#......'...........##.#
#......#.###.@o######.#
#......#.# #.)........#
#.######.# #.#.######## ####.#
#.# #...# .....######.# ###.#
............# ###
#############


You could see an orc.

Vanquished Creatures
  An orc priest (D:2)
  2 adders (D:2)
  A dart slug (D:1)
  A leopard gecko (D:2)
  2 orcs (D:3)
  A giant cockroach (D:2)
  16 goblins
  5 hobgoblins
  4 jackals
  A ball python (D:1)
  5 bats
  A frilled lizard (D:2)
  9 kobolds
  7 rats
56 creatures vanquished.

Notes
Turn   | Place    | Note
-------+----------+-------------------------------------------
     0 | D:1      | nightchill the Gargoyle Earth Elementalist began the quest
                  | for the Orb.
     0 | D:1      | Reached XP level 1. HP: 10/10 MP: 3/3
    27 | D:1      | You fall into a shaft and drop 1 floor!
   279 | D:1      | Reached skill level 4 in Earth Magic
   428 | D:1      | Reached XP level 2. HP: 16/16 MP: 3/5
   757 | D:1      | Reached skill level 1 in Fighting
  1074 | D:1      | Found a sparkling altar of Nemelex Xobeh.
  1492 | D:2      | Reached XP level 3. HP: 15/20 MP: 6/6
  1495 | D:2      | Reached skill level 1 in Maces & Flails
  2155 | D:2      | Reached XP level 4. HP: 14/26 MP: 4/7
  2915 | D:3      | Learned a level 2 spell: Passwall
  3098 | D:2      | Reached skill level 5 in Earth Magic
  3098 | D:2      | Slain by an orc

Levels and vault maps discovered:
D:1:      zaba_arrival_water, layout_basic, chequers_mini_garden,
          nemelex_diamond_rough_becter
D:2:      layout_basic, minmay_increasing_density
D:3:      minmay_bubble_buster, layout_basic, uniq_crazy_yiuf_cottage

Skill      XL: |  1  2  3  4 |
---------------+-------------+-----
Earth Magic    | 4 5 |  5.1
Fighting       | 1 2 |  2.0
Maces & Flails | 1 2 |  2.3
Dodging        | |  1.5
Stealth        | |  2.1
Spellcasting   | |  2.0
Transmutations | |  0.7

Action                   |  1- 3 |  4- 6 || total
-------------------------+-------+-------++-------
Melee: Unarmed           |    18 |       ||    18
       Mace              |   104 |       ||   104
       Flail             |     7 |    42 ||    49
Throw: Stone             |       |     2 ||     2
 Cast: Sandblast         |     8 |    13 ||    21
 Stab: Sleeping          |     8 |       ||     8
  Eat: Chunk             |     4 |     3 ||     7
Armor: Robe              |    48 |    24 ||    72
Dodge: Dodged            |    83 |    45 ||   128
